 Dungeon Crawl Stone Soup version 0.20.1-1-g8b1a95d (webtiles) character file.

49 Jazqa the Cutter (level 4, -4/30 HPs)
             Began as a Halfling Skald on Oct 28, 2017.
             Killed by nerve-wracking pain
             ... invoked by Grinder
              (6 damage)
             ... on level 3 of the Dungeon.
             The game lasted 00:03:21 (1773 turns).

Jazqa the Cutter (Halfling Skald)                   Turns: 1773, Time: 00:03:22

Health: -4/30      AC:  6    Str: 12    XL:     4   Next: 1%
Magic:  0/6        EV: 13    Int: 16    God:
Gold:   83         SH:  0    Dex: 14    Spells: 5/6 levels left

rFire    . . .     SeeInvis .   j - +3 short sword
rCold    . . .     Gourm    .   (shield restricted)
rNeg     + . .     Faith    .   q - +0 ring mail {rN+}
rPois    .         Spirit   .   (no helmet)
rElec    .         Reflect  .   (no cloak)
rCorr    .         Harm     .   (no gloves)
MR       .....                  k - +0 pair of boots
Stlth    +.........             (no amulet)
Regen    0.1/turn               (no ring)
MPRegen  0.1/turn               (no ring)

@: brilliant, very slightly contaminated, hasted, very quick
A: mutation resistance 1
a: no special abilities


You were on level 3 of the Dungeon.
You were not hungry.

You visited 1 branch of the dungeon, and saw 3 of its levels.

You collected 83 gold pieces.


Innate Abilities, Weirdness & Mutations

You are small and have problems with some larger weapons.
You are somewhat resistant to further mutation.


   Skills:
 + Level 2.9 Fighting
 + Level 3.6 Short Blades
 - Level 1.1 Armour
 - Level 2.1 Dodging
 - Level 1.5 Spellcasting
 - Level 3.2 Charms


You had 5 spell levels left.
You knew the following spells:

 Your Spells              Type           Power        Failure   Level  Hunger
o - Infusion              Chrm           ###.         1%          1    ##.....

Inventory:

Hand Weapons
 b - a +0 hunting sling
 j - a +3 short sword (weapon)
Armour
 k - a +0 pair of boots (worn)
 m - a +0 ring mail
 q - a +0 ring mail of positive energy (worn)
Scrolls
 e - a scroll of magic mapping {unknown}
 h - a scroll of noise {unknown}
 l - a scroll of enchant armour {unknown}
 o - a scroll of remove curse {@r2}
 r - a scroll of recharging {unknown}
 s - a scroll of identify {unknown}
 t - a scroll of immolation {!r}
Potions
 n - a potion of cancellation {unknown}
Books
 c - a book of Battle

   Spells                             Type                      Level
   a - Infusion                       Charms                       1
   b - Shroud of Golubria             Charms/Translocation         2
   c - Song of Slaying                Charms                       2
   d - Spectral Weapon                Hexes/Charms                 3
   e - Regeneration                   Charms/Necromancy            3
Comestibles
 a - 2 chunks of flesh
 d - 2 bread rations {@e1}
 f - 5 meat rations {@e1}
 i - 2 royal jellies {@e3}

Dungeon Overview and Level Annotations

Branches:
Dungeon (3/15)

Altars:
Qazlal

Annotations:
D:3 Grinder

.......5....>.......
.......[.$..........
......####..........
...o5 #..†.......
...o ######o######
.o. #....#)# ..
...#....#'## .
#.......5.#
##......o@# # .#
#........# # ...#
#........### # ...#
#..........##
###...###........#..#
.........#..▒▒▒.▒▒▒.#
.........#..▒§...§▒.#
.........#..▒.....▒.#
.........#.....⚑....#


You could see Grinder (inner flame) and 2 orcs.


Message History

Okay, then.
You hit Grinder.
Grinder is lightly wounded.
The orc hits you but does no damage. Grinder barely misses you.
You hit Grinder.
Grinder is lightly wounded.
Something hits you but does no damage. The orc closely misses you.
Grinder gestures at you.
You are unaffected.
Unknown command.
Okay, then.
It was a potion of haste.
You feel yourself speed up. Something completely misses you.
The orc hits you with a dagger.
* * * LOW HITPOINT WARNING * * *
Grinder gestures at you.
You suddenly lose the ability to move!
Something hits you but does no damage. The orc barely misses you.
Grinder gestures at you.
You shrug off the repeated paralysis!
Something hits you but does no damage. The orc hits you with a dagger.
* * * LOW HITPOINT WARNING * * *
Grinder barely misses you.
You are no longer magically infusing your attacks.
Something hits you but does no damage. The orc hits you but does no damage.
Grinder barely misses you.
You can move again.
Some of the chunks of flesh in your inventory have rotted away.
Grinder gestures at you. Pain shoots through your body!
You die...

Skill      XL: |  1  2 |
---------------+-------+-----
Fighting       | 2 |  2.9
Short Blades   | 3 |  3.6
Armour         | |  1.1
Dodging        | |  2.1
Spellcasting   | |  1.5
Charms         | |  3.2

Action                   |  1- 3 |  4- 6 || total
-------------------------+-------+-------++-------
Melee: Short sword       |   130 |     9 ||   139
 Cast: Infusion          |     2 |       ||     2
  Use: Scroll            |     3 |     1 ||     4
       Potion            |       |     2 ||     2
  Eat: Chunk             |     3 |       ||     3
Armor: Leather armour    |    14 |       ||    14
       Ring mail         |    11 |    12 ||    23
Dodge: Dodged            |    85 |    10 ||    95

Vault maps used:
D:1:      dpeg_arrival_shrine, kennysheep_boxes
D:3:      grunt_qazlal_clouds, uniq_grinder

Notes
Turn   | Place    | Note
-------+----------+-------------------------------------------
     0 | D:1      | Jazqa the Halfling Skald began the quest for the Orb.
     0 | D:1      | Reached XP level 1. HP: 14/14 MP: 3/3
    81 | D:1      | Reached skill level 2 in Fighting
   120 | D:1      | Reached XP level 2. HP: 19/19 MP: 4/4
   319 | D:1      | Reached skill level 3 in Short Blades
   633 | D:1      | Reached XP level 3. HP: 17/25 MP: 5/5
  1711 | D:3      | Found a stormy altar of Qazlal.
  1743 | D:3      | Noticed Grinder
  1756 | D:3      | Reached XP level 4. HP: 27/30 MP: 1/6
  1768 | D:3      | Paralysed by Grinder for 4 turns
  1770 | D:3      | HP: 2/30 [orc/dagger (2)]
  1773 | D:3      | Killed from afar by Grinder

Vanquished Creatures
  2 dart slugs
  A leopard gecko (D:3)
  3 orcs (D:3)
  A giant cockroach (D:1)
  6 goblins
  7 hobgoblins
  4 kobolds (D:1)
  A ball python (D:2)
  5 bats
  3 frilled lizards
  5 rats
38 creatures vanquished.
